 Dungeon Crawl Stone Soup version 0.24-a0-613-g1ff6aac338 (webtiles) character file.

Game seed: 10417764487072385639, levelgen mode: deterministic

289 Jorund the Chopper (level 6, -8/47 HPs)
             Began as a Demonspawn Gladiator on Sept 12, 2019.
             Mangled by a killer bee (9 damage)
             ... on level 3 of the Dungeon.
             The game lasted 00:05:27 (1878 turns).

Jorund the Chopper (Demonspawn Gladiator)           Turns: 1878, Time: 00:05:27

Health: -8/47      AC:  9    Str: 16    XL:     6   Next: 9%
Magic:  0/6        EV: 13    Int:  9    God:
Gold:   110        SH:  0    Dex: 15    Spells: 5/5 levels left

rFire    + + .     SeeInvis .   a - +0 war axe
rCold    + + .     Gourm    .   (no shield)
rNeg     + . .     Faith    .   b - +0 leather armour
rPois    +         Spirit   +   c - +0 helmet
rElec    +         Reflect  .   (no cloak)
rCorr    +         Harm     .   y - +2 pair of gloves
MR       .....                  (no boots)
Stlth    +.........             o - amulet of guardian spirit
HPRegen  0.15/turn              e - ring of positive energy
MPRegen  0.10/turn              j - ring of protection from cold

@: resistant
A: claws 1, hooves 1, slimy green scales 1, fire resistance 1, powered by death
1, screaming 1
a: no special abilities


You were on level 3 of the Dungeon.
You were not hungry.

You visited 1 branch of the dungeon, and saw 3 of its levels.

You collected 110 gold pieces.

Inventory:

Hand Weapons
 a - a +0 war axe (weapon)
Armour
 b - a +0 leather armour (worn)
 c - a +0 helmet (worn)
 y - a +2 pair of gloves (worn)
Jewellery
 e - a ring of positive energy (left hand)
 j - a ring of protection from cold (right hand)
 o - an amulet of guardian spirit (around neck)
Potions
 l - 2 potions of brilliance
Comestibles
 f - 5 rations
 g - 6 chunks of flesh


   Skills:
 + Level 3.1 Fighting
 + Level 5.1 Axes
 - Level 1.7 Throwing
 + Level 2.2 Armour
 - Level 2.6 Dodging
   Level 0.7 Evocations


You had 5 spell levels left.
You didn't know any spells.
Your spell library was empty.

Dungeon Overview and Level Annotations

Branches:
Dungeon (3/15)

Altars:
Fedhas
Kikubaaqudgha
Uskayaw
Wu Jian

Annotations:
D:3 1 transporter


Innate Abilities, Weirdness & Mutations

You have large cloven feet.
You are partially covered in slimy green scales. (AC +2)
Your flesh is heat resistant. (rF+)
You regenerate a little health from kills.
You have sharp fingernails.
You occasionally shout uncontrollably at your foes.


Message History

The bolt of acid misses the killer bee. x3
The now-empty wand crumbles to dust.
The killer bee barely misses you. x2
You stop training Evocations.
Unknown command.
You slash the killer bee!
The killer bee is heavily wounded.
The killer bee completely misses you. The killer bee misses you.
You completely miss the killer bee. You kick the killer bee.
The killer bee is severely wounded.
The killer bee stings you.
* * * LOW HITPOINT WARNING * * *
The killer bee barely misses you. The killer bee stings you.
* * * LOW HITPOINT WARNING * * *
You miss the killer bee.
The killer bee is severely wounded.
The killer bee stings you. The killer bee completely misses you.
You closely miss the killer bee.
The killer bee is severely wounded.
The killer bee closely misses you. The killer bee stings you!
You die...

########## ##........
##.######. ### .......... #.#
#......... #..# #.# .# #
#..######. #..# #.# .#.###.
#..# #.#..# #.##.#..... ...#
#.#.#..####..........## #..#
#.#$#..#@yyy...........
#..######.#.#..####y.#.#.##..#
.............................##
...............................
.............................#
............>................#
#..####.....#..####......##..#
....# #....##..## #..##..#
...####..................!.


You could see 4 killer bees.

Vanquished Creatures
  Grinder (D:3)
  2 adders
  An ooze (D:3)
  2 worms
  2 dart slugs (D:2)
  A ball python (D:2)
  4 giant cockroaches
  9 hobgoblins
  6 kobolds
  2 quokkas (D:2)
  7 bats
  5 frilled lizards
  3 goblins
  8 rats
53 creatures vanquished.

Notes
Turn   | Place    | Note
-------+----------+-------------------------------------------
     0 | D:1      | Jorund the Demonspawn Gladiator began the quest for the
                  | Orb.
     0 | D:1      | Reached XP level 1. HP: 16/16 MP: 1/1
   135 | D:1      | Reached skill level 3 in Axes
   264 | D:1      | Gained mutation: You regenerate a little health from kills.
                  | [demonic ancestry]
   264 | D:1      | Reached XP level 2. HP: 14/22 MP: 2/2
   474 | D:1      | You fall into a shaft and drop 1 floor!
   679 | D:2      | Found a hide-covered altar of Uskayaw.
   704 | D:2      | Gained mutation: Your flesh is heat resistant. (rF+)
                  | [demonic ancestry]
   704 | D:2      | Reached XP level 3. HP: 26/27 MP: 3/3
   763 | D:2      | Found a blossoming altar of Fedhas.
  1370 | D:2      | Found an ancient bone altar of Kikubaaqudgha.
  1400 | D:2      | Reached skill level 1 in Armour
  1632 | D:3      | Noticed Grinder
  1645 | D:3      | Killed Grinder
  1645 | D:3      | Reached skill level 5 in Axes
  1645 | D:3      | Reached XP level 4. HP: 22/35 MP: 1/4
  1645 | D:3      | Gained mutation: You have large cloven feet. [demonic
                  | ancestry]
  1645 | D:3      | Reached XP level 5. HP: 26/41 MP: 1/5
  1645 | D:3      | Gained mutation: You are partially covered in slimy green
                  | scales. (AC +2) [demonic ancestry]
  1645 | D:3      | Reached XP level 6. HP: 30/47 MP: 1/6
  1814 | D:3      | Found an ornate altar of the Wu Jian Council.
  1818 | D:3      | Found a transporter.
  1872 | D:3      | Gained mutation: You occasionally shout uncontrollably at
                  | your foes. [potion of mutation]
  1872 | D:3      | Gained mutation: You have sharp fingernails. [potion of
                  | mutation]
  1876 | D:3      | HP: 1/47 [killer bee (3)]
  1878 | D:3      | Mangled by a killer bee

Levels and vault maps discovered:
D:1:      enne_arrival_octagon_isle, layout_basic, minmay_pentomino_q2
D:2:      layout_loops_corners, eat_drink_and_be_merry_uskayaw,
          fedhas_ov_isle_minmay, serial_park_tiny_2, hex_large,
          nrook_mini_backslash, lemuel_altar_in_water
D:3:      layout_basic, gammafunk_temple_overflow_arena, portal_sewer_entry_d,
          nicolae_tso_swordbearing_angel, uniq_grinder

Skill      XL: |  1  2  3 |
---------------+----------+-----
Axes           | 3 5 |  5.1
Armour         | 2 |  2.2
Fighting       | 3 |  3.1
Throwing       | |  1.7
Dodging        | |  2.6
Evocations     | |  0.7

Action                   |  1- 3 |  4- 6 || total
-------------------------+-------+-------++-------
Melee: War axe           |   121 |    39 ||   160
       Kick              |       |     6 ||     6
Throw: Throwing net      |       |     3 ||     3
Evoke: Wand              |     3 |     3 ||     6
  Use: Scroll            |     8 |     1 ||     9
       Potion            |       |     8 ||     8
  Eat: Chunk             |     2 |       ||     2
       Ration            |       |     1 ||     1
Armor: Leather armour    |    50 |    21 ||    71
Dodge: Dodged            |    85 |    36 ||   121

Table legend:
 A = Non-vault XP
 B = Vault XP
 C = Vault XP percentage of total XP
 D = Non-vault monster count
 E = Vault monster count
 F = Vault count percentage of total count
                 A         B        C        D         E       F
            +---------+---------+-------+---------+---------+-------
      Total |     115 |     298 |  72.2 |      50 |       3 |   5.7
            +---------+---------+-------+---------+---------+-------
        D:1 |      27 |       3 |  10.0 |      20 |       2 |   9.1
        D:2 |      53 |       0 |   0.0 |      20 |       0 |   0.0
        D:3 |      35 |     295 |  89.4 |      10 |       1 |   9.1
            +---------+---------+-------+---------+---------+-------
